 Dungeon Crawl Stone Soup version 0.21.1-1-g345015fe64 (webtiles) character file.

123 Mrkan the Skirmisher (level 4, 0/41 HPs)
             Began as a Minotaur Monk on May 4, 2018.
             Was a Believer of Yredelemnul.
             Succumbed to kobold's curare-tipped needle
             ... on level 3 of the Dungeon.
             The game lasted 00:08:57 (2641 turns).

Mrkan the Skirmisher (Minotaur Monk)                Turns: 2641, Time: 00:08:58

Health: 0/41       AC:  7    Str: 14 (17) XL:     4   Next: 79%
Magic:  3/3        EV: 10    Int: 11 (12) God:    Yredelemnul [**....]
Gold:   157        SH:  0    Dex: 11 (12) Spells: 3/3 levels left

rFire    . . .     SeeInvis .   d - +4 mace
rCold    . . .     Gourm    .   (no shield)
rNeg     . . .     Faith    .   s - +0 scale mail
rPois    .         Spirit   .   (helmet restricted)
rElec    .         Reflect  .   (no cloak)
rCorr    .         Harm     .   (no gloves)
MR       .....                  u - +0 pair of boots
Stlth    ..........             (no amulet)
HPRegen  0.13/turn              (no ring)
MPRegen  0.08/turn              (no ring)

@: brilliant, lethally poisoned (0 -> -6), slowed, very slow
A: retaliatory headbutt, horns 2
a: Animate Remains, Recall Undead Slaves, Injury Mirror, Renounce Religion


You were on level 3 of the Dungeon.
You worshipped Yredelemnul.
Yredelemnul was pleased with you.
You were not hungry.

You visited 1 branch of the dungeon, and saw 3 of its levels.

You collected 157 gold pieces.

Inventory:

Hand Weapons
 a - a +0 hand axe
 d - a +4 mace (weapon)
Armour
 b - a +0 robe
 s - a +0 scale mail (worn)
 u - a +0 pair of boots (worn)
Jewellery
 p - an uncursed amulet of faith {unknown}
Scrolls
 f - 5 scrolls of identify {unknown}
 g - a scroll of remove curse {unknown}
 i - 2 scrolls of fog {unknown}
 j - 2 scrolls of blinking {unknown}
 k - 2 scrolls of teleportation {unknown}
 m - 2 scrolls of enchant armour {unknown}
 r - a scroll of random uselessness {unknown}
Potions
 e - 2 potions of heal wounds {unknown}
 n - a potion of might {unknown}
 o - a potion of brilliance
 t - a potion of cancellation {unknown}
 v - a potion of invisibility {unknown}
Comestibles
 c - 3 rations
 q - a chunk of flesh


   Skills:
 + Level 4.9 Fighting
 - Level 4.4(4.5) Axes
 * Level 1.2(3.0) Maces & Flails
 * Level 1.0 Armour
 - Level 4.0 Dodging
 - Level 1.7 Stealth
 * Level 1.0 Invocations


You had 3 spell levels left.
You didn't know any spells.

Dungeon Overview and Level Annotations

Branches:
Dungeon (3/15)

Altars:
Ashenzari
Gozag
Yredelemnul
The Shining One


Innate Abilities, Weirdness & Mutations

You reflexively headbutt those who attack you in melee.
You have a pair of horns on your head.


Message History

You feel sick.
A rat comes into view.
* * * LOW HITPOINT WARNING * * *
You feel sick.
It was a potion of degeneration.
There was something very wrong with that liquid.
You feel weakened.
You feel dopey.
You feel clumsy.
* * * LOW HITPOINT WARNING * * *
You feel sick.
There is a lethal amount of poison in your body!
There is a lethal amount of poison in your body!
* * * LOW HITPOINT WARNING * * *
You feel sick.
Found a stone staircase leading up.
* * * LOW HITPOINT WARNING * * *
You feel sick.
It was a potion of brilliance.
You feel clever all of a sudden.
You die...
Your body rises from the dead as a mindless zombie.

..# #........ #.# #.#######
# #.## #.# #
###.#######..#######.#######
#...r).(.((.................
#.#.######.....#####.#.#.###
# ##...## #.#.#.# #
#######..## #.#.#.###
.<.....@.# #......(.
########.# ####.###.# #+#
#........# #.##.##..#
#.##...... #.##.##..#
##.#......# +......)...
##.#...#.##


There were no monsters in sight!

Vanquished Creatures
  A worker ant (D:3)
  4 adders
  A worm (D:3)
  A dart slug (D:2)
  A leopard gecko (D:1)
  An orc (D:3)
  3 bats
  11 goblins
  5 hobgoblins
  2 jackals (D:2)
  9 kobolds
  2 quokkas
  A frilled lizard (D:2)
  9 rats
51 creatures vanquished.

Vanquished Creatures (collateral kills)
  A goblin (D:2)
1 creature vanquished.

Grand Total: 52 creatures vanquished

Notes
Turn   | Place    | Note
-------+----------+-------------------------------------------
     0 | D:1      | Mrkan the Minotaur Monk began the quest for the Orb.
     0 | D:1      | Reached XP level 1. HP: 19/19 MP: 0/0
   213 | D:1      | Reached XP level 2. HP: 25/27 MP: 1/1
  1069 | D:2      | Found a shattered altar of Ashenzari.
  1069 | D:2      | Found a basalt altar of Yredelemnul.
  1119 | D:2      | Became a worshipper of Yredelemnul the Dark
  1119 | D:2      | Reached * piety under Yredelemnul
  1119 | D:2      | Reached ** piety under Yredelemnul
  1220 | D:2      | Reached XP level 3. HP: 34/34 MP: 2/2
  1606 | D:2      | Found a glowing golden altar of the Shining One.
  2114 | D:3      | Reached XP level 4. HP: 41/41 MP: 3/3
  2170 | D:3      | Found an opulent altar of Gozag.
  2583 | D:3      | Reached skill level 1 in Maces & Flails
  2583 | D:3      | Reached skill level 1 in Armour
  2583 | D:3      | Reached skill level 1 in Invocations
  2624 | D:3      | HP: 2/41 [asphyx]
  2639 | D:3      | HP: 2/41 [poisoned by kobold (curare-tipped needle)]
  2641 | D:3      | Succumbed to kobold's curare-tipped needle

Skill      XL: |  1  2  3  4 |
---------------+-------------+-----
Fighting       | 4 |  4.9
Axes           | 4 |  4.4
Dodging        | 4 |  4.0
Maces & Flails | 1 |  1.2
Armour         | 1 |  1.0
Invocations    | 1 |  1.0
Stealth        | |  1.7

Action                   |  1- 3 |  4- 6 || total
-------------------------+-------+-------++-------
Melee: Hand axe          |    60 |       ||    60
       Headbutt          |    10 |     2 ||    12
       Mace              |     3 |    21 ||    24
Invok: Animate Remains   |     1 |       ||     1
  Use: Potion            |       |     3 ||     3
  Eat: Chunk             |     4 |       ||     4
       Ration            |       |     1 ||     1
Armor: Robe              |    14 |       ||    14
       Scale mail        |       |    10 ||    10
Dodge: Dodged            |    52 |    16 ||    68
